 Dungeon Crawl Stone Soup version 0.26.0-9-gab577f9fc5 (webtiles) character file.

Game seed: 1936379647606737271

124 OdinFK the Vexing (level 5, -1/51 HPs)
             Began as an Octopode Arcane Marksman on Jan 13, 2021.
             Killed from afar by an orc wizard (3 damage)
             ... with a puff of flame
             ... on level 2 of the Dungeon.
             The game lasted 00:11:50 (1398 turns).

OdinFK the Vexing (Octopode Arcane Marksman)        Turns: 1398, Time: 00:11:51

Health: -1/51      AC: 22    Str:  7 (9)  XL:     5   Next: 8%
Magic:  6/8        EV:  2    Int: 15 (17) God:
Gold:   114        SH:  0    Dex:  9 (12) Spells: 5/8 levels left

rFire    + . .     SeeInvis .   b - +0 whip
rCold    + . .     Faith    .   (no shield)
rNeg     + + +     Spirit   .   (helmet currently unavailable)
rPois    +         Reflect  .   (no amulet)
rElec    +         Harm     .   (no ring)
rCorr    +         Rampage  .   (no ring)
Will     .....     NoTele   +   (no ring)
Stlth    +.........             (no ring)
HPRegen  0.17/turn              (no ring)
MPRegen  0.11/turn              (no ring)
                                (no ring)
                                (no ring)

@: mighty, lethally poisoned (-1 -> -3), tree-form, resistant, attractive
A: almost no armour, stealthy swim, (amphibious), 8 rings, (constrict 8)
a: no special abilities


You were on level 2 of the Dungeon.
You were a tree.
You visited 1 branch of the dungeon, and saw 2 of its levels.

You collected 114 gold pieces.

Inventory:

Hand Weapons
 a - a +0 shortbow
 b - a +0 whip (weapon)
Missiles
 n - 5 boomerangs (quivered)
Jewellery
 h - an uncursed amulet of reflection {unknown}
Scrolls
 d - a scroll of immolation {unknown}
 e - 3 scrolls of remove curse {unknown}
 f - 4 scrolls of identify {unknown}
 i - a scroll of enchant armour {unknown}
 j - a scroll of random uselessness {unknown}
 p - a scroll of teleportation {unknown}


   Skills:
 + Level 2.2 Fighting
 + Level 3.2 Bows
 + Level 2.3 Dodging
 + Level 2.2 Spellcasting
 - Level 3.5 Hexes


You had 5 spell levels left.
You knew the following spells:

 Your Spells              Type           Power        Failure   Level
a - Corona                Hex            13%          5%          1
b - Slow                  Hex            12%          8%          2

Your spell library contained the following spells:

 Spells                   Type           Power        Failure   Level
 Inner Flame              Hex/Fire       6%           32%         3
 Portal Projectile        Hex/Tloc       12%          32%         3
 Cause Fear               Hex            6%           45%         4
 Leda's Liquefaction      Hex/Erth       3%           71%         4


Dungeon Overview and Level Annotations

Branches:
Dungeon (2/15)

Altars:


Innate Abilities, Weirdness & Mutations

You cannot wear most types of armour.
You are very stealthy in the water. (Stealth+)
((You are amphibious.))
You can wear up to eight rings at the same time.
((You can use your tentacles to constrict eight enemies at once.))
((Your skin changes colour to match your surroundings (Stealth+).))
((Your rubbery body absorbs attacks. (AC +1, EV +1)))


Message History

Something tries to affect you, but you resist.
There's something in the way.
You swing at nothing.
Something hits you but does no damage.
You completely miss something.
* * * LOW HITPOINT WARNING * * *
You feel sick. Something hits you but does no damage.
You miss something.
You feel less confused. Something hits you but does no damage.
You completely miss something.
* * * LOW HITPOINT WARNING * * *
You feel sick.
Something hits you but does no damage. x2
You closely miss something. Something hits you but does no damage.
You closely miss something.
* * * LOW HITPOINT WARNING * * *
You feel sick.
You hear some strange, mumbled words.
A puff of flame appears from out of thin air!
The puff of flame hits you. You resist.
You die...

.#.#
###.#####(#
#..# #†#
##.# # #[#
#.## #. #(#
.## #.. #(#
..# #.# #(#
#.# ..###.#
#.# ###
#[##.# #.#
... #.♣{(#
#.#
#.###.####
#[# #####
#...##
#.####...#
##..#
.......#.#
##.#
#.####...#
#.# #.#
##.## #.#
#.# ###.#
#.#
#.###.#.#
#.#


There were no monsters in sight!

Vanquished Creatures
  2 orc wizards (D:2)
  2 adders (D:2)
  A worm (D:2)
  2 dart slugs (D:1)
  A leopard gecko (D:1)
  2 orcs (D:2)
  5 giant cockroaches
  7 goblins
  5 hobgoblins
  6 bats
  2 frilled lizards
  2 kobolds (D:1)
  7 rats
44 creatures vanquished.

Notes
Turn   | Place    | Note
-------+----------+-------------------------------------------
     0 | D:1      | OdinFK the Octopode Arcane Marksman began the quest for the
                  | Orb.
     0 | D:1      | Reached XP level 1. HP: 13/13 MP: 2/2
   189 | D:1      | Reached XP level 2. HP: 18/18 MP: 3/3
   379 | D:1      | Learned a level 2 spell: Slow
   399 | D:1      | Reached XP level 3. HP: 19/23 MP: 3/5
  1120 | D:2      | Reached XP level 4. HP: 28/29 MP: 4/6
  1389 | D:2      | Reached XP level 5. HP: 6/34 MP: 5/8
  1398 | D:2      | HP: 2/51 [poisoned by an orc wizard]
  1398 | D:2      | Killed from afar by an orc wizard

Illustrated notes

Levels and vault maps discovered:
D:1:      eino_arrival_water_cross, layout_loops_ring, chequers_jeans,
          minmay_ruptured
D:2:      layout_loops_ring, grunt_ministairs_8, serial_park_tiny_pond

Skill      XL: |  1  2  3  4 |
---------------+-------------+-----
Fighting       | 2 |  2.2
Spellcasting   | 2 |  2.2
Bows           | 3 |  3.2
Dodging        | |  2.3
Hexes          | |  3.5

Action                   |  1- 3 |  4- 6 || total
-------------------------+-------+-------++-------
Melee: Unarmed           |    13 |       ||    13
       Constrict         |     9 |     2 ||    11
       Tentacles         |     5 |     1 ||     6
       Whip              |    17 |    20 ||    37
       Shortbow          |       |    12 ||    12
 Fire: Shortbow          |    82 |    16 ||    98
 Cast: Slow              |     2 |     5 ||     7
       Corona            |     4 |     5 ||     9
  Use: Potion            |       |     6 ||     6
 Stab: Sleeping          |     3 |       ||     3
Armor: Skin              |     6 |    22 ||    28
Dodge: Dodged            |    25 |    10 ||    35
